 Dungeon Crawl Stone Soup version 0.24-b1-44-g37ad8b309f (webtiles) character file.

Game seed: 1538643684885747478, levelgen mode: deterministic

203 Fistmachine the Stinger (level 5, -4/21 HPs)
             Began as a Felid Venom Mage on Oct 24, 2019.
             Slain by a worker ant (5 damage)
             ... on level 7 of the Dungeon.
             The game lasted 00:25:00 (5436 turns).

Fistmachine the Stinger (Felid Venom Mage)          Turns: 5436, Time: 00:25:01

Health: -4/21      AC:  2    Str:  4    XL:     5   Next: 51%
Magic:  11/11      EV: 19    Int: 19    God:
Gold:   118        SH:  0    Dex: 16    Spells: 8/11 levels left
                                        Lives:  0   Deaths: 1

rFire    . . .     SeeInvis +   (weapon unavailable)
rCold    . . .     Gourm    .   (shield unavailable)
rNeg     . . .     Faith    .   (armour unavailable)
rPois    .         Spirit   .   (helmet unavailable)
rElec    .         Reflect  .   (cloak unavailable)
rCorr    .         Harm     .   (gloves unavailable)
MR       .....                  (boots unavailable)
Stlth    +++.......             (no amulet)
HPRegen  0.07/turn              (no ring)
MPRegen  0.12/turn              (no ring)

@: lethally poisoned (-4 -> -9), quick
A: very small, no armour, no weapons or thrown items, stealth, claws 1, fangs 3,
see invisible, carnivore, speed 1, shaggy fur 2, slow metabolism 1, sharp paws
a: no special abilities


You were on level 7 of the Dungeon.
You were not hungry.

You visited 1 branch of the dungeon, and saw 6 of its levels.

You collected 118 gold pieces.

Inventory:

Jewellery
 p - an uncursed ring of ice
Wands
 o - a wand of iceblast (9)
Scrolls
 a - a scroll of fog {unknown}
 e - a scroll of magic mapping
 f - 4 scrolls of identify
 i - a scroll of amnesia
 m - a scroll of random uselessness {unknown}
 q - a scroll of teleportation {unknown}
 r - a scroll of noise {unknown}
Potions
 c - 2 potions of lignification {unknown}
 d - 5 potions of heal wounds {unknown}
 g - 3 potions of haste {unknown}
 h - a potion of agility {unknown}
 k - a potion of curing {unknown}
 n - a potion of cancellation {unknown}
Comestibles
 b - 6 rations


   Skills:
 + Level 3.6 Dodging
 + Level 3.7 Stealth
 + Level 3.5 Spellcasting
 - Level 0.8 Conjurations
 * Level 1.9 Air Magic
 * Level 5.0 Poison Magic


You had 8 spell levels left.
You knew the following spells:

 Your Spells              Type           Power        Failure   Level  Hunger
a - Sting                 Conj/Pois      ##..         4%          1    None
b - Poisonous Vapours     Pois/Air       ###...       5%          2    ##.....

Your spell library contained the following spells:

 Spells                   Type           Power        Failure   Level  Hunger
 Mephitic Cloud           Conj/Pois/Air  ##......     16%         3    ###....
 Olgreb's Toxic Radiance  Pois           ###.....     19%         4    ####...
 Venom Bolt               Conj/Pois      ##........   77%         5    ######.


Dungeon Overview and Level Annotations

Branches:
Dungeon (8/15)
 Temple: D:4-7         Lair: D:8-11

Altars:
Gozag
Hepliaklqana
Nemelex Xobeh
Sif Muna


Innate Abilities, Weirdness & Mutations

You cannot wear armour.
You are incapable of wielding weapons or throwing items.
Your paws allow you to move quietly. (Stealth)
You have sharp claws.
You have razor-sharp teeth.
You have supernaturally acute eyesight. (SInv)
You are carnivorous and can eat meat at any time.
You cover ground quickly.
You are covered in thick fur. (AC +2)
You have a slow metabolism.
Your sharp claws are effective at attacking unaware monsters.


Message History

As you read the scroll labeled HIAGILUHASOO, it crumbles to dust.
It is a scroll of amnesia.
Really abort (and waste the scroll)?
Okay, then.
The gnoll hits you with a +0 whip. The hound closely misses you.
The worker ant misses you. The gnoll misses you.
The phantom blinks!
As you read the scroll labeled FOISTO FAUDEG, it crumbles to dust.
It is a scroll of enchant armour.
You aren't carrying any armour which can be enchanted further.
You feel sick. The hound completely misses you. The gnoll misses you.
The worker ant bites you.
* * * LOW HITPOINT WARNING * * *
The gnoll hits you with a +0 flail.
* * * LOW HITPOINT WARNING * * *
The hound misses you.
As you read the scroll labeled CIAQUNYLAMO, it crumbles to dust.
The creatures around you are filled with an inner flame!
It was a scroll of immolation.
The gnoll barely misses you. The worker ant bites you.
You die...

#..........# #.#
#..........# #..
#..........#####..
#..........##.....
#.................
##..........#...#.
#..W.......##...#†
#ga.........##.##5
#@hc..5......#.##h
#.g........#...##g
#..........###.##.
##........## #....
##......## #.#..
########***#.#..
**,,,,,*,.....
**,,,,,,,......
*,,*****#......


You could see a phantom (inner flame), a centaur (inner flame), a hound (inner
flame), a worker ant (inner flame), 2 gnolls and a crimson imp (inner flame).

Vanquished Creatures
  Terence (D:2)
  A gnoll shaman (D:4)
  An iguana (D:4)
  2 worker ants (D:4)
  Natasha (thrice) (D:2)
  3 adders
  11 gnolls
  4 worms
  A dart slug (D:3)
  3 leopard geckos
  An orc (D:3)
  A ball python (D:3)
  6 bats
  2 giant cockroaches
  2 goblins
  2 hobgoblins (D:3)
  4 jackals (D:3)
  3 frilled lizards (D:3)
  3 kobolds
  3 rats
57 creatures vanquished.

Notes
Turn   | Place    | Note
-------+----------+-------------------------------------------
     0 | D:1      | Fistmachine the Felid Venom Mage began the quest for the
                  | Orb.
     0 | D:1      | Reached XP level 1. HP: 7/7 MP: 4/4
    65 | D:1      | Reached skill level 3 in Poison Magic
   655 | D:1      | You fall into a shaft and drop 1 floor!
   656 | D:2      | Found a sparkling altar of Nemelex Xobeh.
   834 | D:1      | Reached XP level 2. HP: 11/11 MP: 4/6
   838 | D:1      | Learned a level 2 spell: Poisonous Vapours
  1414 | D:2      | Found an opulent altar of Gozag.
  1428 | D:2      | Noticed Terence
  1442 | D:2      | Killed Terence
  1442 | D:2      | Reached XP level 3. HP: 14/14 MP: 3/7
  2051 | D:2      | Found a faded altar of an unknown god.
  2088 | D:2      | Noticed Natasha
  2101 | D:2      | Killed Natasha
  2101 | D:2      | Reached skill level 4 in Poison Magic
  2101 | D:2      | Reached XP level 4. HP: 18/18 MP: 3/8
  2239 | D:2      | Noticed Natasha
  2252 | D:2      | Killed Natasha
  2491 | D:2      | Noticed Natasha
  2507 | D:2      | Killed Natasha
  2659 | D:3      | Found a shimmering blue altar of Sif Muna.
  2685 | D:3      | Reached XP level 5. HP: 21/21 MP: 6/10
  3432 | D:3      | Found a hazy altar of Hepliaklqana.
  4152 | D:4      | Reached skill level 1 in Air Magic
  4350 | D:4      | Gained mutation: You are covered in thick fur. (AC +2)
                  | [Felid growth]
  4350 | D:4      | Reached XP level 6. HP: 24/24 MP: 6/12
  5121 | D:4      | Reached skill level 5 in Poison Magic
  5353 | D:4      | You fall into a shaft and drop 3 floors!
  5396 | D:7      | Slain by a crimson imp
  5397 | D:7      | Reached XP level 5. HP: -2/21 MP: 11/11
  5408 | D:7      | Noticed a phantom
  5430 | D:8      | Noticed an ogre
  5430 | D:8      | Noticed a sky beast
  5435 | D:7      | HP: 1/21 [gnoll/+0 flail (5)]
  5436 | D:7      | Slain by a worker ant

Skill      XL: |  1  2  3  4  5  6 |
---------------+-------------------+-----
Poison Magic   | 3 4 5 |  5.0
Dodging        | 3 |  3.6
Stealth        | 3 |  3.7
Spellcasting   | 3 |  3.5
Air Magic      | 1 |  1.9
Conjurations   | |  0.8

Action                   |  1- 3 |  4- 6 || total
-------------------------+-------+-------++-------
Melee: Unarmed           |     3 |    20 ||    23
       Bite              |     1 |       ||     1
 Cast: Sting             |    50 |    71 ||   121
       Poisonous Vapours |     6 |    31 ||    37
Evoke: Wand              |       |     1 ||     1
  Use: Scroll            |       |     5 ||     5
  Eat: Chunk             |     3 |     5 ||     8
Armor: Skin              |     1 |     3 ||     4
Dodge: Dodged            |    14 |    55 ||    69
